 Dungeon Crawl Stone Soup version 0.30-a0-34-gbe8da3892a (webtiles) character file.

Game seed: 2086348034384859066

95 ytrimaz the Insei (level 4, -1/28 HPs)
             Began as an Octopode Transmuter on Aug 27, 2022.
             Slain by an orc
             ... wielding a +0 mace
              (8 damage)
             ... on level 3 of the Dungeon.
             The game lasted 00:02:24 (2666 turns).

ytrimaz the Insei (Octopode Transmuter)             Turns: 2666, Time: 00:02:24

Health: -1/28      AC:  2    Str:  8 (9)  XL:     4   Next: 65%
Magic:  4/7        EV: 19    Int: 16 (17) God:
Gold:   90         SH:  0    Dex: 16 (17) Spells: 1/7 levels left

rFire   . . .      SeeInvis .      - Unarmed
rCold   . . .      Faith    .    (shield currently unavailable)
rNeg    . . .      Spirit   .    (helmet currently unavailable)
rPois   x          Reflect  .    (no amulet)
rElec   .          Harm     .    f - ring of willpower
rCorr   .          Rampage  .    (no ring)
Will    +....                    (no ring)
Stlth   +.........               (no ring)
HPRegen 0.09/turn                (no ring)
MPRegen 0.10/turn                (no ring)
                                 (no ring)
                                 (no ring)

@: spider-form
A: venomous fangs, almost no armour, (amphibious), 8 rings, tiny, (camouflage
1), (gelatinous body 1), (nimble swimmer 1), (tentacles)
a: End Transformation


You were on level 3 of the Dungeon.
You were a venomous arachnid creature.
You visited 1 branch of the dungeon, and saw 3 of its levels.

You collected 90 gold pieces.

Inventory:

Jewellery
 f - a ring of willpower (left front leg)
Wands
 e - a wand of flame (19)
Scrolls
 a - a scroll of identify {unknown}
 b - a scroll of acquirement {unknown}
 g - a scroll of summoning {unknown}
 h - a scroll of enchant weapon {unknown}
Potions
 d - 2 potions of curing {unknown}


   Skills:
 - Level 1.0 Fighting
 - Level 2.0 Dodging
 - Level 4.3 Unarmed Combat
 + Level 2.3 Spellcasting
 + Level 2.4 Transmutations
 * Level 2.2 Poison Magic


You had one spell level left.
You knew the following spells:

 Your Spells              Type           Power      Damage    Failure   Level
a - Beastly Appendage     Tmut           18%        N/A       21%         1
b - Wereblood             Tmut           9%         N/A       26%         2
c - Spider Form           Tmut/Pois      9%         N/A       43%         3

Your spell library contained the following spells:

 Spells                   Type           Power      Damage    Failure   Level
 Sandblast                Erth           2%         2d4       41%         1
 Slow                     Hex            4%         N/A       41%         1
 Passwall                 Tmut/Erth      4%         N/A       38%         2
 Confusing Touch          Hex            1%         N/A       73%         3
 Ozocubu's Armour         Ice            1%         N/A       73%         3
 Stone Arrow              Conj/Erth      2%         3d7       73%         3
 Vampiric Draining        Necr           1%         2d6       73%         3
 Ice Form                 Ice/Tmut       5%         N/A       90%         4
 Ozocubu's Refrigeration  Ice            0%         4d7       100%        7


Dungeon Overview and Level Annotations

Branches:
Dungeon (3/15)

Altars:


Innate Abilities, Weirdness & Mutations

You are a venomous arachnid creature.
You have poisonous fangs.
You are tiny and dextrous.
Your spellcasting is less reliable in this form.
Your armour is entirely melded.
You are incapable of wielding weapons or throwing items.
You cannot wear most types of armour.
((You are amphibious.))
You can wear up to eight rings at the same time.
((Your skin changes colour to match your surroundings (Stealth+).))
((Your rubbery body absorbs attacks. (AC +1, EV +1)))
((You are camouflaged when in or above water. (Stealth+)))
((You have tentacles for arms and can constrict up to eight enemies at once.))


Message History

Done exploring.
No target in view!
Done exploring.
There is a stone staircase leading down here.
You climb downwards.
There is a stone staircase leading up here.
An orc priest comes into view. It is wielding a +0 dagger.
An orc priest is nearby!
Found a scroll labelled YMEXUU CIST.
The orc priest shouts!
The orc priest casts a cantrip, but nothing happens.
You hear a shout! x2
An orc priest is nearby!
An orc comes into view. It is wielding a +0 mace.
The orc shouts!
Casting: Beastly Appendage (safe; 7% risk of failure)
Confirm with . or Enter, or press ? or * to list all spells.
The spell is quite dangerous to miscast (22% risk of failure)!
Continue anyway?
You turn into a venomous arachnid creature.
Unknown command.
An orc comes into view. It is wielding a +0 dagger.
The orc priest completely misses you.
You hit the orc.
The orc is moderately wounded.
The orc hits you with a +0 mace. The orc hits you with a +0 dagger.
The orc priest calls down the wrath of Beogh upon you.
Beogh smites you!
* * * LOW HITPOINT WARNING * * *
You are too injured to fight recklessly!
Unknown command.
You barely miss the orc priest. The orc barely misses you.
The orc hits you with a +0 dagger.
* * * LOW HITPOINT WARNING * * *
The orc priest closely misses you.
Unknown command.
It was a potion of degeneration.
There was something very wrong with that liquid.
You feel weakened.
You feel dopey.
You feel clumsy. The orc hits you with a +0 mace!
You die...

≈≈≈≈ ... ...
#### #.. ..##
..# #.?## #.#
#...###.# #.#
#.#oo...# #<#
#.os#
#.#.##.#####..##
#...........##
#.#.####.###.#
.#.## #.# ..#
..... #.##.##
.#.## #.##. ...#
#.##. ...# #.##.


You could see an orc priest and 2 orcs.

Vanquished Creatures
  4 adders (D:2)
  A worm (D:2)
  A dart slug (D:2)
  An endoplasm (D:2)
  4 giant cockroaches (D:2)
  3 hobgoblins
  8 jackals
  3 quokkas (D:2)
  4 ball pythons (D:1)
  2 bats (D:1)
  2 frilled lizards (D:1)
  7 goblins
  5 kobolds
  7 rats
52 creatures vanquished.

Vanquished Creatures (others)
  A fungus (D:1)
1 creature vanquished.

Grand Total: 53 creatures vanquished

Notes
Turn   | Place    | Note
-------+----------+-------------------------------------------
     0 | D:1      | ytrimaz the Octopode Transmuter began the quest for the
                  | Orb.
     0 | D:1      | Reached XP level 1. HP: 13/13 MP: 3/3
   230 | D:1      | Reached XP level 2. HP: 14/18 MP: 3/5
   705 | D:1      | You fall into a shaft and drop 1 floor!
   719 | D:2      | Reached skill level 4 in Unarmed Combat
   766 | D:2      | Reached XP level 3. HP: 23/23 MP: 4/6
   775 | D:2      | Learned a level 2 spell: Wereblood
   779 | D:2      | Learned a level 3 spell: Spider Form
  1200 | D:2      | Reached skill level 1 in Poison Magic
  1203 | D:2      | Reached XP level 4. HP: 15/28 MP: 5/7
  2519 | D:1      | Found a faded altar of an unknown god.
  2666 | D:3      | Slain by an orc

Illustrated notes

Levels and vault maps discovered:
D:1:      beargit_arrival_greenhouse, layout_basic,
          shapermc_ecumenical_altar_mp_ritualfount
D:2:      layout_basic, glass_columns_a, minmay_worlds_worst_comb
D:3:      layout_loops_ring, mainiacjoe_overflow_catwalk_spiral

Skill      XL: |  1  2  3  4 |
---------------+-------------+-----
Unarmed Combat | 4 |  4.3
Poison Magic   | 1 2 |  2.2
Fighting       | |  1.0
Dodging        | |  2.0
Spellcasting   | |  2.3
Transmutations | |  2.4

Action                   |  1- 3 |  4- 6 || total
-------------------------+-------+-------++-------
Melee: Unarmed           |    67 |    36 ||   103
       Constrict         |    19 |     9 ||    28
       Kick              |    14 |     9 ||    23
       Tentacles         |     8 |     4 ||    12
       Punch             |     1 |       ||     1
 Cast: Beastly Appendage |    20 |    21 ||    41
       Spider Form       |       |     1 ||     1
  Use: Potion            |     1 |     1 ||     2
 Stab: Sleeping          |     2 |     4 ||     6
Armor: Skin              |    16 |       ||    16
Dodge: Dodged            |    46 |    24 ||    70

Table legend: (Time is in decaauts)
 A = Elapsed time spent in this place.
 B = Non-inter-level travel time spent in this place.
 C = Inter-level travel time spent in this place.
 D = Time resting spent in this place.
 E = Time spent auto-exploring this place.
 F = Levels seen in this place.
 G = Mean time per level.
                   A        B        C        D        E       F      G
               +--------+--------+--------+--------+--------+-----+--------+
         Total |   2657 |   2541 |    116 |    135 |   2055 |   3 |  885.7 |
       Dungeon |   2657 |   2541 |    116 |    135 |   2055 |   3 |  885.7 |
               +--------+--------+--------+--------+--------+-----+--------+

Top non-repeatable levels by time:
     D:2: 1338 daAuts
     D:1: 1296 daAuts
     D:3: 23 daAuts
